 Dungeon Crawl Stone Soup version 0.28.0-53-g5a82cb258f (webtiles) character file.

Game seed: 6367464694223329593

39 firemarshallily the Ruffian (level 3, 0/33 HPs)
             Began as a Ghoul Monk on June 1, 2022.
             Killed from afar by Natasha (6 damage)
             ... with a magic dart
             ... on level 2 of the Dungeon.
             The game lasted 00:03:41 (825 turns).

firemarshallily the Ruffian (Ghoul Monk)             Turns: 825, Time: 00:03:42

Health: 0/33       AC:  2    Str: 16    XL:     3   Next: 47%
Magic:  2/2        EV: 12    Int:  5    God:
Gold:   85         SH:  0    Dex: 11    Spells: 2/2 levels left

rFire   . . .      SeeInvis .     - Unarmed
rCold   + . .      Faith    .   (no shield)
rNeg    + + +      Spirit   .   a - +0 robe
rPois   ∞          Reflect  .   (no helmet)
rElec   .          Harm     .   (no cloak)
rCorr   .          Rampage  .   (no gloves)
Will    .....                   (no boots)
Stlth   ++........              (no amulet)
HPRegen 0.00/turn               (no ring)
MPRegen 0.08/turn               (no ring)

@: inhibited regen, slowed, invisible, very slow
A: claws 1, cold resistance 1, negative energy resistance 3, inhibited
regeneration, torment resistance 2
a: no special abilities


You were on level 2 of the Dungeon.
You visited 1 branch of the dungeon, and saw 2 of its levels.

You collected 85 gold pieces.

Inventory:

Missiles
 f - 26 stones (quivered)
Armour
 a - a +0 robe (worn)
Scrolls
 b - a scroll of teleportation {unknown}
 g - a scroll of magic mapping {unknown}
Potions
 d - a potion of cancellation {unknown}


   Skills:
 * Level 3.8 Fighting
 + Level 3.0 Dodging
 + Level 2.6 Stealth
 * Level 3.8 Unarmed Combat


You had 2 spell levels left.
You didn't know any spells.
Your spell library contained the following spells:

 Spells                   Type           Power      Damage    Failure   Level
 Frozen Ramparts          Ice            0%         1d2       85%         3
 Summon Ice Beast         Ice/Summ       0%         N/A       99%         4
 Ice Form                 Ice/Tmut       Unusable   N/A       N/A         4

Dungeon Overview and Level Annotations

Branches:
Dungeon (2/15)

Altars:

Annotations:
D:2 Natasha


Innate Abilities, Weirdness & Mutations

You thrive by killing the living.
You are immune to poison.
You have sharp fingernails.
Your flesh is cold resistant. (rC+)
You are immune to negative energy. (rN+++)
You do not regenerate when monsters are visible.
You are immune to unholy pain and torment.


Message History

The white imp gestures at you. The puff of frost hits you. You resist.
You scratch Natasha.
Natasha is moderately wounded.
Natasha misses you. The white imp gestures at you. The puff of frost hits you.
You resist.
You closely miss Natasha.
Natasha is moderately wounded.
Natasha misses you.
You barely miss Natasha.
Natasha is moderately wounded.
The white imp laughs crazily.
The crimson imp misses you. Natasha claws you!
* * * LOW HITPOINT WARNING * * *
The white imp gestures at you. The puff of frost hits you. You resist.
* * * LOW HITPOINT WARNING * * *
It was a potion of curing.
You feel better. The crimson imp misses you. Natasha claws you.
* * * LOW HITPOINT WARNING * * *
The white imp barely misses you.
You feel better. The crimson imp misses you.
Natasha stares at you and mumbles some strange words.
You feel yourself slow down.
You barely miss Natasha.
Natasha is moderately wounded.
The white imp disappears in a puff of smoke!
The crimson imp hits you.
* * * LOW HITPOINT WARNING * * *
Natasha misses you. The crimson imp barely misses you.
It was a potion of invisibility.
You fade into invisibility!
Natasha barely misses you.
The crimson imp grins evilly.
The crimson imp hits you.
* * * LOW HITPOINT WARNING * * *
Natasha casts a spell at you. The magic dart hits you.
You die...

.) . #. #.#
####
###..######...#
..............+
#..h@......#
##.§5......#
#....†....#
##.##+#####
#.##.# #.##.#
#..#.# ##.#.#
#.#.#


You could see Natasha and a crimson imp (summoned).

Vanquished Creatures
  An adder (D:2)
  A dart slug (D:2)
  2 endoplasms
  A giant cockroach (D:2)
  2 goblins (D:1)
  8 hobgoblins
  3 jackals (D:1)
  3 ball pythons
  A bat (D:1)
  2 frilled lizards (D:1)
24 creatures vanquished.

Notes
Turn   | Place    | Note
-------+----------+-------------------------------------------
     0 | D:1      | firemarshallily the Ghoul Monk began the quest for the Orb.
     0 | D:1      | Reached XP level 1. HP: 19/19 MP: 0/0
   162 | D:1      | Reached XP level 2. HP: 24/26 MP: 1/1
   647 | D:2      | Reached XP level 3. HP: 28/33 MP: 2/2
   810 | D:2      | Noticed Natasha
   825 | D:2      | Killed from afar by Natasha

Illustrated notes

Levels and vault maps discovered:
D:1:      lightli_arrival_quake, layout_basic, minmay_misc_feat_columns
D:2:      layout_basic, uniq_natasha

Skill      XL: |  1  2  3 |
---------------+----------+-----
Dodging        | 3 |  3.0
Fighting       | |  3.8
Stealth        | |  2.6
Unarmed Combat | |  3.8

Action                   || total
-------------------------++-------
Melee: Unarmed           ||    86
       Punch             ||     1
  Use: Potion            ||     3
 Stab: Sleeping          ||     5
       Distracted        ||     1
Armor: Robe              ||     8
Dodge: Dodged            ||    47
